 Dungeon Crawl Stone Soup version 0.18.1-48-g4cf74bf (webtiles) character file.

107 torvon the Charmwright (level 4, 0/35 HPs)
             Began as a Merfolk Skald on Aug 8, 2016.
             Succumbed to a kobold's poison
             ... on level 3 of the Dungeon.
             The game lasted 00:12:38 (2881 turns).

torvon the Charmwright (Merfolk Skald)              Turns: 2881, Time: 00:12:39

Health: 0/35       AC:  4    Str: 13    XL:     4   Next: 85%
Magic:  2/7        EV: 12    Int: 11    God:
Gold:   109        SH:  0    Dex: 13    Spells: 3 memorised, 1 level left

rFire  . . .     SeeInvis .     a - +0 spear
rCold  . . .     Gourm    .     b - +0 leather armour
rNeg   . . .     Faith    .     (no shield)
rPois  .         Spirit   .     (no helmet)
rElec  .         Dismiss  .     (no cloak)
rCorr  .         Reflect  .     j - +0 pair of gloves
SustAt .         Harm     .     (no boots)
MR     .....                    (no amulet)
Stlth  +.........               (no ring)
                                (no ring)

@: lethally poisoned (0 -> -6), not resistant to hostile enchantments, very
unstealthy
A: change form in water, swift swim
a: no special abilities


You were on level 3 of the Dungeon.
You were not hungry.

You visited 1 branch of the dungeon, and saw 3 of its levels.

You collected 109 gold pieces.

Inventory:

Hand Weapons
 a - a +0 spear (weapon)
 p - a +3 dagger
 v - a +0 falchion
Armour
 b - a +0 leather armour (worn)
 j - a +0 pair of gloves (worn)
 t - a +0 leather armour
Wands
 u - a wand of random effects (26/48)
 w - a wand of lightning (4/15)
Scrolls
 g - 2 scrolls of recharging {unknown}
 m - a scroll of teleportation {unknown}
 n - a scroll of magic mapping {unknown}
 q - a scroll of identify {unknown}
Potions
 e - a potion of cancellation
 h - a potion of flight {unknown}
 i - 2 potions of degeneration {unknown}
 k - a potion of curing
 l - 2 potions of mutation {unknown}
 o - 2 potions of brilliance {unknown}
 r - a potion of heal wounds {unknown}
 s - a potion of berserk rage {unknown}
Books
 c - a book of Battle

   Spells                             Type                      Level
   a - Infusion                       Charms                       1
   b - Shroud of Golubria             Charms/Translocation         2
   c - Song of Slaying                Charms                       2
   d - Spectral Weapon                Hexes/Charms                 3
   e - Regeneration                   Charms/Necromancy            3
Comestibles
 d - a bread ration
 f - 2 royal jellies


   Skills:
 + Level 3.2 Fighting
 + Level 4.0 Polearms
 - Level 0.6 Armour
 + Level 3.2 Dodging
 - Level 2.0 Spellcasting
 * Level 4.1 Charms


You had one spell level left.
You knew the following spells:

 Your Spells              Type           Power        Failure   Level  Hunger
a - Infusion              Chrm           ##..         10%         1    ##.....
b - Shroud of Golubria    Chrm/Tloc      #.........   24%         2    ###....
c - Spectral Weapon       Hex/Chrm       #.......     50%         3    ####...


Dungeon Overview and Level Annotations

Branches:
Dungeon (3/15)

Altars:
Vehumet

Annotations:
D:3 Robin


Message History

The kobold wields a blowgun.
The kobold shoots a poisoned needle.
The poisoned needle hits you!
You are lethally poisoned!
The goblin hits you with a dagger of holy wrath.
* * * LOW HITPOINT WARNING * * *
You see here a poisoned needle.
* * * LOW HITPOINT WARNING * * *
You feel sick.
The goblin hits you with a dagger of holy wrath.
* * * LOW HITPOINT WARNING * * *
* * * LOW HITPOINT WARNING * * *
You feel sick.
The goblin no longer looks unusually strong.
* * * LOW HITPOINT WARNING * * *
You feel sick.
Robin roars a battlecry!
The goblins go into a battle-frenzy!
Robin throws the goblin at you!
You closely miss the goblin.
You die...

....# #...####......####...##
....######.....####..####.....#
....#............######.......#
....#............# ####.......#
....#.†........####..####.....#
....'........####...... ###...###
###†#...(..####....... .####.#..
#(.)#.####g...gg..####........#.#
#.#..).)...K.ggg@g...............
#.#<#.###########.#############.#
# #>.... ... ..........# #.#.....
.............#†# ...#######
.###########.#). ...## .. #.#<.
... .. #.#.. ... .. #.##.
########....


You could see Robin, 6 goblins and a kobold.

Vanquished Creatures
  Ijyb (D:2)
  2 adders (D:2)
  2 worms (D:3)
  5 giant cockroaches
  13 goblins
  6 hobgoblins
  4 jackals (D:3)
  A ball python (D:1)
  7 bats
  3 giant newts
  8 kobolds
  2 rats
54 creatures vanquished.

Vanquished Creatures (others)
  Terence (D:2)
  2 goblins (D:2)
3 creatures vanquished.

Grand Total: 57 creatures vanquished

Notes
Turn   | Place    | Note
--------------------------------------------------------------
     0 | D:1      | torvon the Merfolk Skald began the quest for the Orb.
     0 | D:1      | Reached XP level 1. HP: 16/16 MP: 3/3
   354 | D:1      | Reached XP level 2. HP: 18/23 MP: 0/5
  1008 | D:1      | Learned a level 2 spell: Shroud of Golubria
  1020 | D:2      | Reached XP level 3. HP: 26/28 MP: 0/6
  1665 | D:2      | Noticed Ijyb
  1666 | D:2      | Noticed Terence
  1714 | D:2      | Killed Ijyb
  1714 | D:2      | Reached XP level 4. HP: 23/35 MP: 0/7
  1786 | D:2      | Learned a level 3 spell: Spectral Weapon
  2143 | D:2      | Killed Terence
  2324 | D:2      | Found a radiant altar of Vehumet.
  2851 | D:3      | Noticed Robin
  2877 | D:3      | HP: 1/35 [poisoned by a kobold]
  2881 | D:3      | Succumbed to a kobold's poison

Skill      XL: |  1  2  3  4 |
---------------+-------------+-----
Dodging        | 2 3 |  3.2
Fighting       | 3 |  3.2
Charms         | 4 |  4.1
Polearms       | 4 |  4.0
Armour         | |  0.6
Spellcasting   | |  2.0

Action                   |  1- 3 |  4- 6 || total
-------------------------+-------+-------++-------
Melee: Spear             |   147 |    94 ||   241
 Cast: Infusion          |     5 |     6 ||    11
       Shroud of Golubri |     2 |     1 ||     3
  Use: Scroll            |       |     2 ||     2
       Potion            |       |     1 ||     1
  Eat: Bread ration      |     1 |     1 ||     2
Armor: Leather armour    |    49 |    34 ||    83
Dodge: Dodged            |    94 |    75 ||   169
